 Dungeon Crawl Stone Soup version 0.16-a0-2818-g1ef6e07 (webtiles) character file.

458 Kemay the Ducker (level 7, -1/47 HPs)
             Began as an Octopode Transmuter on Nov 28, 2014.
             Splashed by a jelly's acid (12 damage)
             ... on level 3 of the Dungeon.
             The game lasted 00:14:24 (3681 turns).

Kemay the Ducker (Octopode Transmuter)              Turns: 3681, Time: 00:14:25

Health: -1/47      AC:  1    Str: 10    XL:     7   Next: 6%
Magic:  11/12      EV: 14    Int: 15    God:
Gold:   161        SH:  0    Dex: 14    Spells: 1 memorised, 9 levels left

rFire  . . .     SeeInvis .       - Unarmed
rCold  . . .     Clarity  .     (no shield)
rNeg   . . .     SustAb   .     (helmet restricted)
rPois  .         Gourm    .     (no amulet)
rElec  .         Spirit   .     (no ring)
rCorr  .         Warding  .     (no ring)
rMut   .         Stasis   .     (no ring)
MR     .....                    (no ring)
Stlth  ++........               (no ring)
                                (no ring)
                                (no ring)
                                (no ring)

@: appendage, not resistant to hostile enchantments, unstealthy
A: almost no armour, amphibious, 8 rings, constrict 8, tentacle spike 3,
camouflage 1, gelatinous body 1
a: End Transformation


You were on level 3 of the Dungeon.
You were not hungry.
One of your tentacles had a temporary spike.
You visited 1 branch of the dungeon, and saw 3 of its levels.

You collected 161 gold pieces.

Inventory:

Missiles
 b - 12 arrows
Magical devices
 k - a wand of polymorph (0)
Scrolls
 c - a scroll of amnesia
 e - 3 scrolls of blinking
 j - a scroll of remove curse
Potions
 h - a potion of magic
 l - 2 potions of brilliance
Books
 d - a book of Changes

   Spells                             Type                      Level
   *Beastly Appendage                 Transmutation                1
   Sticks to Snakes                   Transmutation                2
   Spider Form                        Transmutation/Poison         3
   Ice Form                           Ice/Transmutation            4
   Blade Hands                        Transmutation                5
Comestibles
 a - 3 bread rations
 f - a chunk of flesh
 g - 2 royal jellies
 i - a beef jerky


   Skills:
 + Level 3.7 Fighting
 - Level 5.1 Dodging
 + Level 4.7 Unarmed Combat
 - Level 2.0 Spellcasting
 - Level 2.0 Transmutations


You had 9 spell levels left.
You knew the following spells:

 Your Spells              Type           Power        Failure   Level  Hunger
a - Beastly Appendage     Trmt           #.....       12%         1    #......


Dungeon Overview and Level Annotations

Branches:
Dungeon (3/15)

Altars:
Kikubaaqudgha
Yredelemnul
The Shining One

Annotations:
D:3 1 exclusion


Innate Abilities, Weirdness & Mutations

You cannot wear most types of armour.
You are amphibious.
You can wear up to eight rings at the same time.
You can use your tentacles to constrict many enemies at once.
Your skin changes colour to match your surroundings (Stealth).
Your rubbery body absorbs attacks (AC +1).
One of your tentacles bears a large vicious spike.


Message History

Confirm with . or Enter, or press ? or * to list all spells.
One of your tentacles grows a vicious spike.
You tentacle-slap the jelly.
Your tentacles burn!
You pierce the jelly, but do no damage.
You squeeze the jelly, but do no damage.
The jelly is lightly wounded.
The jelly closely misses you.
You tentacle-slap the jelly.
Your tentacles burn!
The jelly is heavily wounded.
The jelly hits you.
You are splashed with acid!
The acid burns!
You tentacle-slap the jelly.
Your tentacles burn!
Your tentacle spike misses the jelly.
The jelly is heavily wounded.
You tentacle-slap the jelly.
Your tentacles burn!
* * * LOW HITPOINT WARNING * * *
The jelly is severely wounded.
The jelly hits you.
* * * LOW HITPOINT WARNING * * *
You are splashed with acid!
The acid burns!
You die...

#.....## ####
##...## ##'## #.#
#.# ###.## .....##
#.#######.#
#....<#
#...J.....#
#....## #@#
#.#.############.#
.......).........#
#.#.##############
#.#.# ..#.# ###.#
#.# ###.#


You could see a jelly.

Vanquished Creatures
  A naga (D:3)
  The ghost of Johnny the Grave Robber, an average DgNe (D:3)
  4 orc wizards (D:3)
  Robin (D:3)
  5 adders
  3 worms
  3 giant geckos
  An ooze (D:2)
  11 orcs (D:3)
  4 ball pythons (D:3)
  A giant cockroach (D:1)
  7 hobgoblins
  A quokka (D:2)
  13 bats
  A giant newt (D:3)
  12 goblins
  6 jackals
  9 kobolds
  6 rats
90 creatures vanquished.

Notes
Turn   | Place    | Note
--------------------------------------------------------------
     0 | D:1      | Kemay, the Octopode Transmuter, began the quest for the Orb.
     0 | D:1      | Reached XP level 1. HP: 13/13 MP: 3/3
   228 | D:1      | Reached XP level 2. HP: 11/18 MP: 4/4
   676 | D:2      | Found a basalt altar of Yredelemnul.
   709 | D:2      | Reached XP level 3. HP: 11/23 MP: 6/6
  1328 | D:2      | Reached skill level 4 in Dodging
  1489 | D:2      | Found an ancient bone altar of Kikubaaqudgha.
  1490 | D:2      | Found a glowing golden altar of the Shining One.
  1562 | D:2      | Reached XP level 4. HP: 19/28 MP: 5/7
  1824 | D:3      | Noticed Robin
  1835 | D:3      | Killed Robin
  2191 | D:3      | Reached skill level 5 in Dodging
  2205 | D:3      | Reached XP level 5. HP: 30/33 MP: 9/9
  2364 | D:3      | Noticed an ogre
  2431 | D:3      | Noticed a naga
  2431 | D:3      | an ogre changed into a naga
  2446 | D:3      | Killed a naga
  2446 | D:3      | Reached XP level 6. HP: 3/41 MP: 8/10
  2447 | D:3      | HP: 2/41 [poisoned by a naga (splash of poison)]
  2453 | D:3      | HP: 1/41 [poisoned by a naga (splash of poison)]
  2458 | D:3      | HP: 1/41 [poisoned by a naga (splash of poison)]
  2876 | D:3      | Noticed Johnny's ghost (average DgNe)
  2890 | D:3      | Killed Johnny's ghost
  3262 | D:3      | Reached XP level 7. HP: 26/46 MP: 12/12
  3681 | D:3      | Splashed by a jelly's acid

Action                   |  1- 3 |  4- 6 |  7- 9 || total
-------------------------+-------+-------+-------++-------
Melee: Unarmed           |    84 |   154 |    11 ||   249
 Cast: Beastly Appendage |    11 |    19 |     2 ||    32
Evoke: Wand              |       |     2 |       ||     2
  Use: Scroll            |    10 |     2 |       ||    12
       Potion            |       |     3 |       ||     3
 Stab: Sleeping          |     3 |     1 |     1 ||     5
  Eat: Chunk             |     2 |     2 |     2 ||     6
       Bread ration      |       |     1 |       ||     1
